 Dungeon Crawl Stone Soup version 0.26-a0-651-gb41185065b (webtiles) character file.

Game seed: 13320969952518726891

371 Flugslaktarn the Chopper (level 6, 0/58 HPs)
             Began as a Deep Dwarf Fighter on Oct 14, 2020.
             Slain by a two-headed ogre
             ... wielding a +0 giant club
              (3 damage)
             ... on level 5 of the Dungeon.
             The game lasted 00:01:13 (880 turns).

Flugslaktarn the Chopper (Deep Dwarf Fighter)        Turns: 880, Time: 00:01:13

Health: 0/58       AC:  7    Str: 19    XL:     6   Next: 42%
Magic:  1/1        EV:  7    Int:  9    God:
Gold:   170        SH: 10    Dex: 14    Spells: 5/5 levels left

rFire    . . .     SeeInvis .   a - +0 war axe
rCold    . . .     Faith    .   c - +0 kite shield
rNeg     . . .     Spirit   .   b - +0 scale mail
rPois    .         Reflect  .   (no helmet)
rElec    .         Harm     .   (no cloak)
rCorr    .         Rampage  .   (no gloves)
MR       .....                  (no boots)
Stlth    ..........             (no amulet)
HPRegen  0.00/turn              (no ring)
MPRegen  0.07/turn              (no ring)

@: mighty, non-regenerating
A: damage resistance, heal wounds, sense surroundings 1, no regeneration
a: Heal Wounds


You were on level 5 of the Dungeon.
You visited 1 branch of the dungeon, and saw 5 of its levels.

You collected 170 gold pieces.

Inventory:

Hand Weapons
 a - a +0 war axe (weapon)
Armour
 b - a +0 scale mail (worn)
 c - a +0 kite shield (worn)
Jewellery
 f - an uncursed ring of protection from fire
   (You took it off an orc on level 5 of the Dungeon)
Scrolls
 e - a scroll of teleportation {unknown}
 g - a scroll of identify {unknown}
 h - 3 scrolls of enchant weapon {unknown}
 i - a scroll of enchant armour {unknown}
 j - a scroll of amnesia {unknown}
 k - 2 scrolls of magic mapping {unknown}
 m - a scroll of immolation {unknown}
Potions
 d - a potion of might
 l - 2 potions of mutation {unknown}
 n - 2 potions of heal wounds {unknown}


   Skills:
 * Level 4.4 Fighting
 * Level 4.6 Axes
 + Level 4.3 Armour
 + Level 4.4 Shields


You had 5 spell levels left.
You didn't know any spells.
Your spell library was empty.

Dungeon Overview and Level Annotations

Branches:
Dungeon (5/15)
 Temple: D:4-7

Altars:
Cheibriados
Gozag

Shops:
D:5 *


Innate Abilities, Weirdness & Mutations

You are resistant to damage.
You can heal yourself by infusing magical energy.
You passively map a small area around you.
You do not regenerate.


Message History

You feel much better.
You slash the two-headed ogre!
The two-headed ogre is moderately wounded.
The two-headed ogre hits you with a +0 giant club!!
You block the two-headed ogre's attack.
The two-headed ogre hits you with a +0 giant club! x2
* * * LOW HITPOINT WARNING * * *
You are too injured to fight recklessly!
You are too injured to fight recklessly!
You are too injured to fight recklessly!
You are too injured to fight recklessly!
You fail to use your ability.
You fail to use your ability.
The two-headed ogre hits you with a +0 giant club.
* * * LOW HITPOINT WARNING * * *
The two-headed ogre hits you with a +0 giant club!
* * * LOW HITPOINT WARNING * * *
You fail to use your ability.
The two-headed ogre hits you with a +0 giant club!
You die...

#.# #............ #.#
#...>.#...... #.#
#............ #.#
#............ #.#
#.....##.....
####.####..........##
#.......# #####.
#.##.##.# #.
#.).@##.#
#..##O..#########
#.......#........
##.........##.##.#
#.#....#......# ,
##.#.......####
##.##...#.#####.#
####...#.......#
#############


You could see a two-headed ogre.

Vanquished Creatures
  A bullfrog (D:5)
  2 orc priests
  A hound (D:5)
  Natasha (twice) (D:4)
  2 orc wizards
  4 adders
  2 adder skeletons
  3 worms
  A dart slug (D:5)
  3 leopard geckos (D:5)
  15 orcs
  3 ball pythons
  2 giant cockroaches (D:3)
  5 goblins
  3 hobgoblins
  A quokka (D:5)
  5 bats
  4 frilled lizards
  A jackal zombie (D:5)
  4 kobolds
  2 rats (D:3)
66 creatures vanquished.

Notes
Turn   | Place    | Note
-------+----------+-------------------------------------------
     0 | D:1      | Flugslaktarn the Deep Dwarf Fighter began the quest for the
                  | Orb.
     0 | D:1      | Reached XP level 1. HP: 20/20 MP: 1/1
   140 | D:2      | Reached XP level 2. HP: 27/27 MP: 2/2
   240 | D:3      | Reached XP level 3. HP: 18/34 MP: 3/3
   340 | D:3      | Reached XP level 4. HP: 33/42 MP: 4/4
   351 | D:3      | Found an opulent altar of Gozag.
   472 | D:4      | Noticed Natasha
   481 | D:4      | Killed Natasha
   532 | D:4      | Reached XP level 5. HP: 33/50 MP: 5/5
   578 | D:4      | Noticed Natasha
   586 | D:4      | Killed Natasha
   597 | D:4      | You fall into a shaft and drop 1 floor!
   597 | D:5      | Entered Level 5 of the Dungeon
   672 | D:5      | Found a snail-covered altar of Cheibriados.
   701 | D:5      | Found Vihuol's Lightly-Used Armoury.
   737 | D:5      | Reached XP level 6. HP: 35/57 MP: 6/6
   857 | D:5      | Noticed a two-headed ogre
   880 | D:5      | Slain by a two-headed ogre

Illustrated notes

Levels and vault maps discovered:
D:1:      minmay_arrival_stone_box, layout_basic, eino_curves_01
D:2:      layout_basic, marbit_many_paths, chequers_serial_rivers_marsh,
          uniq_jessica
D:3:      layout_rooms, grunt_gozag_statues
D:4:      layout_cave_pools, portal_sewer_entry_b, uniq_natasha,
          uniq_crazy_yiuf_cottage
D:5:      layout_loops_cross, kennysheep_slug_shrine,
          lemuel_coloured_pillars_altar, minmay_shop_damaged, fountainhead

Skill      XL: |  1  2  3  4  5 |
---------------+----------------+-----
Fighting       | 3 4 |  4.4
Axes           | 3 4 |  4.6
Armour         | 4 |  4.3
Shields        | 4 |  4.4

Action                   |  1- 3 |  4- 6 || total
-------------------------+-------+-------++-------
Melee: War axe           |    87 |   113 ||   200
 Abil: Heal Wounds       |     1 |    10 ||    11
  Use: Potion            |       |     1 ||     1
Armor: Scale mail        |    67 |    46 ||   113
Dodge: Dodged            |    19 |    32 ||    51
Block: Kite shield       |    54 |    64 ||   118

Table legend: (Time is in decaauts)
 A = Elapsed time spent in this place.
 B = Non-inter-level travel time spent in this place.
 C = Inter-level travel time spent in this place.
 D = Time resting spent in this place.
 E = Time spent auto-exploring this place.
 F = Levels seen in this place.
 G = Mean time per level.
                   A        B        C        D        E       F      G
               +--------+--------+--------+--------+--------+-----+--------+
         Total |    963 |    925 |     38 |      0 |    425 |   5 |  192.6 |
       Dungeon |    963 |    925 |     38 |      0 |    425 |   5 |  192.6 |
               +--------+--------+--------+--------+--------+-----+--------+

Top non-repeatable levels by time:
     D:5: 308 daAuts
     D:3: 302 daAuts
     D:4: 135 daAuts
     D:2: 128 daAuts
     D:1: 89 daAuts
